 Dungeon Crawl Stone Soup version 0.22.0-27-ga576289 (webtiles) character file.

88 Dietz the Skirmisher (level 4, -2/38 HPs)
             Began as a Hill Orc Enchanter on Aug 21, 2018.
             Slain by a quasit (3 damage)
             ... on level 2 of the Dungeon.
             The game lasted 00:05:37 (2695 turns).

Dietz the Skirmisher (Hill Orc Enchanter)           Turns: 2695, Time: 00:05:38

Health: -2/38      AC:  5    Str: 10      XL:     4   Next: 53%
Magic:  6/6        EV: 10    Int: 15      God:
Gold:   187        SH:  0    Dex:  7 (12) Spells: 5/6 levels left

rFire    . . .     SeeInvis .   k - +0 mace
rCold    . . .     Gourm    .   (no shield)
rNeg     . . .     Faith    .   i - +0 ring mail
rPois    .         Spirit   .   (no helmet)
rElec    .         Reflect  .   (no cloak)
rCorr    .         Harm     .   (no gloves)
MR       .....                  (no boots)
Stlth    +.........             (no amulet)
HPRegen  0.12/turn              (no ring)
MPRegen  0.10/turn              (no ring)

@: flying (expiring), very slightly contaminated, invisible
A: no striking features
a: no special abilities


You were on level 2 of the Dungeon.
You were hungry.

You visited 1 branch of the dungeon, and saw 3 of its levels.

You collected 187 gold pieces.

Inventory:

Hand Weapons
 k - a +0 mace (weapon)
Missiles
 c - 51 stones (quivered)
 e - 5 needles of frenzy
 h - 6 needles of sleeping
 j - 18 poisoned needles
Armour
 i - a +0 ring mail (worn)
Scrolls
 b - a scroll of identify {unknown}
Potions
 g - a potion of magic
Comestibles
 d - 5 rations


   Skills:
 + Level 3.3 Fighting
   Level 1.0 Short Blades
 + Level 3.0 Armour
 - Level 1.5 Dodging
 - Level 2.4 Stealth
 - Level 1.5 Spellcasting
 - Level 3.0 Hexes


You had 5 spell levels left.
You knew the following spells:

 Your Spells              Type           Power        Failure   Level  Hunger
a - Corona                Hex            ##.....      17%         1    ##.....

Your spell library contained the following spells:

 Spells                   Type           Power        Failure   Level  Hunger
 Ensorcelled Hibernation  Hex/Ice        #.....       43%         2    ###....
 Confuse                  Hex            ##......     45%         3    ####...
 Tukima's Dance           Hex            ##......     45%         3    ####...
 Dazzling Spray           Conj/Hex       #.....       67%         3    ####...


Dungeon Overview and Level Annotations

Branches:
Dungeon (3/15)

Altars:
Makhleb


Message History

There is an open door here.
The quasit barely misses you.
The quasit claws you but does no damage.
The quasit closely misses you.
The quasit bites you but does no damage.
The quasit closely misses you. x2
There is an open door here.
The quasit bites you but does no damage.
The quasit completely misses you. x2
You are starting to lose your buoyancy.
The quasit bites you but does no damage.
The quasit barely misses you. The quasit claws you.
* * * LOW HITPOINT WARNING * * *
You feel clumsy.
There is an open door here.
You barely miss the quasit.
The quasit is severely wounded.
The quasit barely misses you. The quasit closely misses you. x2
The quasit bites you.
You die...

###### #...#.#
#....##################.#.#######
#....'......._...........†.......
#.†..#.##.#####.######....#######
###'##.##)#####.# #.#### #
###....##.......# #.# #
....############# #.##########
....#######.....######..)......##
...>'.....'....5@...............'
....#######....)##############.##
....#######.....# #.##
.........##.....# #...
###......######## #### #.†....#
#### #......# #... #......# #...
#......# #...


You could see a quasit.

Vanquished Creatures
  4 adders
  A worm (D:2)
  A dart slug (D:1)
  An orc (D:3)
  9 bats
  3 giant cockroaches
  3 goblins
  5 hobgoblins
  3 jackals (D:1)
  7 kobolds
  7 rats
44 creatures vanquished.

Notes
Turn   | Place    | Note
-------+----------+-------------------------------------------
     0 | D:1      | Dietz the Hill Orc Enchanter began the quest for the Orb.
     0 | D:1      | Reached XP level 1. HP: 14/14 MP: 3/3
    35 | D:1      | Reached skill level 1 in Fighting
    96 | D:1      | Reached skill level 1 in Armour
   109 | D:1      | Reached XP level 2. HP: 21/23 MP: 4/4
   723 | D:1      | Reached XP level 3. HP: 23/29 MP: 5/5
  1941 | D:2      | Reached XP level 4. HP: 16/37 MP: 6/6
  2326 | D:2      | Found a burning altar of Makhleb.
  2681 | D:2      | HP: 1/38 [quasit (1)]
  2693 | D:2      | HP: 1/38 [quasit (2)]
  2695 | D:2      | Slain by a quasit

Skill      XL: |  1  2  3  4 |
---------------+-------------+-----
Fighting       | 1 2 3 |  3.3
Armour         | 1 2 3 |  3.0
Short Blades   | |  1.0
Dodging        | |  1.5
Stealth        | |  2.4
Spellcasting   | |  1.5
Hexes          | |  3.0

Action                   |  1- 3 |  4- 6 || total
-------------------------+-------+-------++-------
Melee: Dagger            |   181 |    14 ||   195
       Mace              |       |    56 ||    56
  Use: Scroll            |     1 |       ||     1
       Potion            |       |     4 ||     4
 Stab: Sleeping          |     3 |       ||     3
       Invisible         |       |     1 ||     1
  Eat: Chunk             |     2 |     3 ||     5
Armor: Robe              |    18 |       ||    18
       Ring mail         |    54 |    50 ||   104
Dodge: Dodged            |   139 |   114 ||   253
